 Dungeon Crawl Stone Soup version 0.30.0-5-g1a98f26d00 (webtiles) character file.

Game seed: 1450594617024326829

52080 Gabide the Geomancer (level 13, 0/108 HPs)
             Began as a Demigod Conjurer on May 9, 2023.
             Slain by a skyshark (23 damage)
             ... on level 3 of the Lair of Beasts.
             The game lasted 00:58:27 (23326 turns).

Gabide the Geomancer (Demigod Conjurer)            Turns: 23326, Time: 00:58:28

Health: 0/108      AC:  8    Str:  6    XL:     13   Next: 92%
Magic:  3/29       EV: 14    Int: 39    God:
Gold:   1238       SH:  0    Dex: 12    Spells: 17/28 levels left

rFire   . . .        b - staff of conjuration "Cuisotz" {rCorr Str+3 Int-3}
rCold   + + .        l - orb {light}
rNeg    + . .        c - +0 leather armour of the Apothecary {Contam rElec rPois Will++}
rPois   +            N - +0 helmet
rElec   +            I - scarf "Haigach" {repulsion, rC++ Str-5}
rCorr   +            L - +0 pair of gloves
SInv    .            f - +2 pair of boots
Will    +++..        S - amulet of magic regeneration
Stlth   +            t - ring of positive energy
HPRegen 0.38/turn    Q - +6 ring of intelligence
MPRegen 0.61/turn

%: repel missiles
@: about to teleport, glowing
A: high MP 1, forlorn, divine attributes
a: no special abilities


You were on level 3 of the Lair of Beasts.
You visited 2 branches of the dungeon, and saw 15 of its levels.
You also visited: Bailey, Gauntlet and Ice Cave.

You collected 1238 gold pieces.

Inventory:

Hand Weapons
 a - a +3 rapier of protection
 B - the +11 plutonium sword {Contam Stlth-}
   (You found it in a bailey)

   Contam:    It causes magical contamination when unequipped.
   Stlth:     It makes you less stealthy.
Missiles
 J - 2 curare-tipped darts
Armour
 c - the +0 leather armour of the Apothecary (worn) {Contam rElec rPois Will++}
   (You found it on level 3 of the Dungeon)

   rElec:     It insulates you from electricity.
   rPois:     It protects you from poison.
   Contam:    It causes magical contamination when unequipped.
   Will:      It greatly increases your willpower.
 f - a +2 pair of boots (worn)
 l - an orb of light (worn)
 m - a +2 cloak
 I - the scarf "Haigach" (worn) {repulsion, rC++ Str-5}
   (You acquired it on level 12 of the Dungeon)

   Str:       It affects your strength (-5).
   rC:        It greatly protects you from cold.
 L - a +0 pair of gloves (worn)
 N - a +0 helmet (worn)
 V - a scarf of resistance
Magical Staves
 b - the staff of conjuration "Cuisotz" (weapon) {rCorr Str+3 Int-3}
   (You acquired it in a bailey)

   [staff of conjuration]

   Base accuracy: +5 Base damage: 5 Base attack delay: 1.2 This weapon's minimum
   attack delay (0.6) is reached at skill level 12.
   Str:       It affects your strength (+3).
   Int:       It affects your intelligence (-3).
   rCorr:     It protects you from acid and corrosion.
   It falls into the 'Staves' category.
   It is a one-handed weapon.
Jewellery
 e - a ring of poison resistance
 n - a ring of protection from fire
 t - a ring of positive energy (left hand)
 v - a +6 ring of dexterity
 C - a ring of fire
 F - a ring of positive energy
 K - the amulet of Xiupt {Reflect rElec rN+ Int-4 SH+5}
   (You found it in a Gauntlet)

   [amulet of reflection]

   It reflects blocked missile attacks.
   Int:       It affects your intelligence (-4).
   rElec:     It insulates you from electricity.
   rN:        It protects you from negative energy.
   SH:        It affects your SH (+5).
 O - a ring of wizardry
 Q - a +6 ring of intelligence (right hand)
 S - an amulet of magic regeneration (around neck)
Wands
 s - a wand of digging (3)
 u - a wand of mindburst (16)
 A - a wand of quicksilver (7)
 E - a wand of flame (14)
 R - a wand of iceblast (7)
Scrolls
 i - 2 scrolls of blinking
 p - 3 scrolls of magic mapping
 x - 3 scrolls of teleportation
 y - 3 scrolls of amnesia
 z - 9 scrolls of identify
 D - 2 scrolls of fog
 G - a scroll of silence
 P - a scroll of immolation
 T - 2 scrolls of torment {unknown}
 U - a scroll of vulnerability
 W - a scroll of fear
Potions
 d - 7 potions of attraction
 g - 3 potions of invisibility
 j - 2 potions of mutation
 k - 2 potions of ambrosia
 o - 6 potions of might
 q - 3 potions of cancellation
 r - 3 potions of curing
 w - 2 potions of flight
Miscellaneous
 H - a phial of floods
 M - a lightning rod (4/4)
 X - a phantom mirror


   Skills:
 + Level 8.7 Fighting
 + Level 8.7 Dodging
 - Level 1.7 Stealth
 + Level 8.3 Spellcasting
 * Level 12.6 Conjurations
 * Level 12.6 Earth Magic


You had 17 spell levels left.
You knew the following spells:

 Your Spells              Type           Power      Damage    Failure   Level
a - Magic Dart            Conj           100%       1d8       1%          1
b - Searing Ray           Conj           100%       2d8       1%          2
c - Stone Arrow           Conj/Erth      100%       3d13      1%          3
d - Borgnjor's Vile Clut  Necr/Erth      30%        N/A       8%          5

Your spell library contained the following spells:

 Spells                   Type           Power      Damage    Failure   Level
 Foxfire                  Conj/Fire      100%       2x1d9     1%          1
 Sandblast                Erth           100%       2d20      1%          1
 Momentum Strike          Conj/Tloc      100%       3d10      1%          2
 Passwall                 Tmut/Erth      50%        N/A       1%          2
 Dazzling Flash           Conj/Hex       100%       N/A       1%          3
 Mephitic Cloud           Conj/Pois/Air  65%        N/A       1%          3
 Fulminant Prism          Conj/Hex       39%        3d17      2%          4
 Iskenderun's Mystic Bla  Conj/Tloc      78%        2d16      2%          4
 Petrify                  Tmut/Erth      60%        N/A       2%          4
 Slow                     Hex            64%        N/A       3%          1
 Summon Small Mammal      Summ           64%        N/A       3%          1
 Blink                    Tloc           32%        N/A       5%          2
 Cigotuvi's Dreadful Rot  Necr/Pois/Air  32%        N/A       5%          2
 Lesser Beckoning         Tloc           32%        N/A       5%          2
 Poisonous Vapours        Pois/Air       32%        N/A       5%          2
 Scorch                   Fire           32%        2d6       5%          2
 Sublimation of Blood     Necr           16%        N/A       5%          2
 Irradiate                Conj/Tmut      39%        3d24      8%          5
 Call Canine Familiar     Summ           16%        N/A       11%         3
 Confusing Touch          Hex            16%        N/A       11%         3
 Summon Guardian Golem    Hex/Summ       16%        N/A       11%         3
 Vampiric Draining        Necr           16%        2d7       11%         3
 Freezing Cloud           Conj/Ice/Air   32%        6-21      17%         5
 Airstrike                Air            8%         2d(2-18)  34%         4
 Animate Dead             Necr           16%        N/A       34%         4
 Manifold Assault         Tloc           16%        N/A       34%         4
 Passage of Golubria      Tloc           16%        N/A       34%         4
 Silence                  Hex/Air        8%         N/A       69%         5
 Lehudib's Crystal Spear  Conj/Erth      53%        10d13     78%         8
 Death Channel            Necr           8%         N/A       99%         6
 Haunt                    Necr/Summ      8%         N/A       100%        7
 Storm Form               Tmut/Air       8%         N/A       100%        7
 Ignition                 Fire           8%         3d5       100%        8
 Dragon's Call            Summ           8%         N/A       100%        9


Dungeon Overview and Level Annotations

Branches:
Dungeon (12/15)            Temple (0/1) D:7            Lair (3/5) D:9
  Swamp (0/4) Lair:2       Spider (0/4) Lair:3          Orc (0/2) D:10
 Bailey (visited)           IceCv (visited)         Gauntlet (visited)

Shops:
D:5 !   D:6 ?


Innate Abilities, Weirdness & Mutations

You have an increased reservoir of magic. (+10% MP)
You shall have no god before yourself.
Your divine heritage dramatically boosts your attributes as you level up.


Message History

The skyshark struggles to escape constriction.
The spriggan hits you with a +0 short sword.
Aiming: Stone Arrow (safe; 1% risk of failure)
Press: ? - help, Q - select action, (/) - cycle Shift-Dir - straight line, f - skyshark
Aim: a skyshark (lightly wounded, constricted by zombie hands, haloed, 100% to hit)
You feel a surge of power!
The stone arrow hits the spriggan!!
You kill the spriggan!
The zombie hands constrict the skyshark!
The skyshark struggles to escape constriction. x2
The zombie hands lose their grip on something.
Casting: Stone Arrow (safe; 1% risk of failure)
Confirm with . or Enter, or press ? or * to list all spells.
Aiming: Borgnjor's Vile Clutch (dangerous; 8% risk of failure)
Press: ? - help, Shift-Dir - straight line, f/p - skyshark
Aim: a skyshark (lightly wounded, haloed, 100% to hit)
Zombie hands grab the skyshark.
The zombie hands constrict the skyshark.
The skyshark bites you!
The skyshark tastes blood and grows stronger!
The skyshark closely misses you. The skyshark misses you.
The zombie hands constrict the skyshark.
The skyshark escapes!
The skyshark bites you!!
The skyshark enters a blood-rage!
The skyshark closely misses you. The skyshark misses you.
Okay, then.
Unknown command.
Unknown command.
Okay, then.
Unknown command.
Unknown command.
As you read the scroll of teleportation, it crumbles to dust.
You feel strangely unstable. The skyshark bites you!
The skyshark tail-slaps you. The skyshark tail-slaps you!
* * * LOW HITPOINT WARNING * * *
The skyshark attacks as you move away! The skyshark bites you!
* * * LOW HITPOINT WARNING * * *
The skyshark barely misses you.
The skyshark tail-slaps you but does no damage.
The skyshark bites you!!
You die...

♣.♣ ♣..♣♣
♣.♣ ♣♣..♣
♣.♣ ♣..♣♣
♣.♣♣♣.♣♣
♣..)♣)♣
♣♣...))♣
♣♣}....♣♣
♣...♣♣.♣
♣@♣♣♣♣.♣
♣l♣ ♣.♣
♣.♣♣ ♣♣.
♣♣.♣ ♣
♣.♣♣ ♣♣.♣
♣.♣♣ ♣♣.♣
♣.♣


You could see a skyshark (berserk).

Vanquished Creatures
  A minotaur (Gauntlet)
  Fannar (D:11)
  2 hydras
  A hell beast (Gauntlet)
  A boulder beetle (D:11)
  2 two-headed ogres (D:9)
  A catoblepas (D:8)
  Urug (D:12)
  Sonja (D:11)
  A skyshark (Lair:2)
  3 bog bodies
  An obsidian statue (Gauntlet)
  A necromancer (IceCv)
  An ugly thing (D:8)
  A cyclops (D:11)
  2 manticores
  2 ice statues (IceCv)
  3 black mambas
  A demonic crawler (Lair:2)
  4 cane toads
  An unseen horror (D:12)
  5 komodo dragons
  5 rime drakes
  5 ice devils (IceCv)
  5 anaconda simulacra (IceCv)
  2 trolls
  8 blink frogs
  4 hornets
  3 polar bears
  12 dream sheep
  A shadow (D:11)
  A wraith (D:10)
  15 yaks
  9 spriggans (Lair:3)
  A vampire (D:10)
  2 dire elephant simulacra (IceCv)
  6 wyverns
  5 slime creatures
  3 basilisks
  2 steam dragons
  3 vampire mosquitoes
  A death yak simulacrum (IceCv)
  An acid dragon (D:10)
  3 hydra simulacra (IceCv)
  A hell hound (Gauntlet)
  11 water moccasins
  13 orc warriors
  2 sky beasts
  4 black bears
  2 boggarts (Lair:3)
  An ogre (D:5)
  4 wolves
  18 centaurs
  A kobold brigand (D:9)
  9 bullfrogs
  2 two-headed ogre simulacra (IceCv)
  9 scorpions
  6 wights
  A jelly (D:6)
  An elephant simulacrum (IceCv)
  4 killer bees (D:10)
  A howler monkey (D:6)
  2 electric eels (Lair:3)
  A lava snake (D:7)
  2 hounds (D:7)
  7 orc priests
  A sleepcap (D:6)
  3 iguanas
  19 orc wizards
  A spriggan simulacrum (IceCv)
  A wolf simulacrum (IceCv)
  15 gnolls
  13 adders
  2 shadow imps
  A white imp (D:8)
  2 ufetubi
  4 worms
  A dart slug (D:2)
  70 orcs
  9 bats
  16 endoplasms
  4 giant cockroaches
  12 goblins
  11 hobgoblins
  6 jackals
  5 quokkas
  5 ball pythons
  6 frilled lizards
  10 kobolds
  6 rats
459 creatures vanquished.

Vanquished Creatures (others)
  An orc wizard (D:11)
  An orc (D:11)
2 creatures vanquished.

Grand Total: 461 creatures vanquished

Notes
Turn   | Place    | Note
-------+----------+-------------------------------------------
     0 | D:1      | Gabide the Demigod Conjurer began the quest for the Orb.
     0 | D:1      | Reached XP level 1. HP: 14/14 MP: 5/5
    85 | D:1      | Got the Essays on the Airy Familiar
   264 | D:1      | Reached XP level 2. HP: 11/22 MP: 0/7
   943 | D:1      | Reached XP level 3. HP: 27/27 MP: 3/8
  1101 | D:1      | Reached skill level 1 in Fighting
  1829 | D:2      | You fall into a shaft and drop 1 floor!
  1944 | D:2      | Reached XP level 4. HP: 22/35 MP: 0/10
  2517 | D:2      | Identified the +0 leather armour of the Evil One {+Inv
                  | Slay+3}
  2678 | D:2      | Learned a level 2 spell: Searing Ray
  2816 | D:3      | Reached XP level 5. HP: 41/41 MP: 8/11
  2850 | D:3      | Identified the +0 leather armour of the Apothecary {Contam
                  | rElec rPois Will++}
  3609 | D:3      | Noticed a water moccasin
  3613 | D:3      | Killed a water moccasin
  3614 | D:3      | Reached skill level 5 in Conjurations
  3614 | D:3      | Reached XP level 6. HP: 49/49 MP: 7/13
  4801 | D:4      | Reached XP level 7. HP: 56/56 MP: 12/15
  5074 | D:5      | Entered Level 5 of the Dungeon
  5115 | D:5      | Found Gexuol's Distillery.
  6600 | D:6      | Found Picacrum's Magic Scroll Emporium.
  6818 | D:6      | Reached XP level 8. HP: 62/66 MP: 6/17
  7922 | D:7      | Learned a level 3 spell: Stone Arrow
  8254 | D:7      | Found a staircase to the Ecumenical Temple.
  8258 | D:7      | Reached skill level 5 in Dodging
  8740 | D:8      | Reached skill level 5 in Spellcasting
  8844 | D:8      | Reached skill level 5 in Fighting
  8844 | D:8      | Reached skill level 1 in Earth Magic
  8978 | D:8      | Reached XP level 9. HP: 74/74 MP: 13/20
 10051 | D:9      | Found a staircase to the Lair.
 10051 | D:9      | Noticed a two-headed ogre
 10054 | D:9      | Reached skill level 5 in Earth Magic
 10252 | D:9      | Noticed a two-headed ogre
 10255 | D:9      | Killed a two-headed ogre
 10613 | D:9      | Killed a two-headed ogre
 10614 | D:9      | Reached XP level 10. HP: 81/81 MP: 11/21
 11079 | D:8      | Noticed a catoblepas
 11091 | D:8      | Killed a catoblepas
 11147 | D:8      | Noticed a red ugly thing
 11153 | D:8      | Killed a red ugly thing
 11273 | D:8      | Noticed a manticore
 11281 | D:8      | Killed a manticore
 11822 | D:10     | Entered Level 10 of the Dungeon
 11907 | D:10     | Found a flagged portal.
 11921 | Bailey   | Entered a bailey
 12659 | Bailey   | Found the +11 plutonium sword {Contam Stlth-}
 13094 | Bailey   | Reached XP level 11. HP: 78/89 MP: 10/23
 13254 | Bailey   | Acquired the staff of conjuration "Cuisotz" {rCorr Str+3
                  | Int-3}
 14385 | D:10     | Found a staircase to the Orcish Mines.
 14712 | D:11     | Noticed a boulder beetle
 14895 | D:11     | Killed a boulder beetle
 15021 | D:11     | Noticed Fannar
 15028 | D:11     | Killed Fannar
 15609 | D:11     | Noticed Sonja
 15612 | D:11     | Killed Sonja
 15915 | D:11     | Reached skill level 10 in Conjurations
 15915 | D:11     | Reached skill level 10 in Earth Magic
 15915 | D:11     | Reached XP level 12. HP: 100/100 MP: 24/26
 16093 | D:12     | Acquired the scarf "Haigach" {repulsion, rC++ Str-5}
 16100 | D:12     | Noticed Urug
 16104 | D:12     | Killed Urug
 16360 | D:12     | Found a gate leading to a gauntlet.
 16369 | Gauntlet | Entered a Gauntlet
 16369 | Gauntlet | Found a large runed translucent door.
 16369 | Gauntlet | Found a large runed translucent door.
 16369 | Gauntlet | Found a large runed translucent door.
 16369 | Gauntlet | Found a large runed translucent door.
 16369 | Gauntlet | Found a large runed translucent door.
 16369 | Gauntlet | Found a large runed translucent door.
 16369 | Gauntlet | Found a runed translucent door.
 16369 | Gauntlet | Found a transporter.
 16369 | Gauntlet | Found a runed translucent door.
 16369 | Gauntlet | Found a large runed translucent door.
 16369 | Gauntlet | Found a large runed translucent door.
 16369 | Gauntlet | Found a large runed translucent door.
 16369 | Gauntlet | Found a large runed translucent door.
 16369 | Gauntlet | Found a large runed translucent door.
 16369 | Gauntlet | Found a large runed translucent door.
 16379 | Gauntlet | Noticed a hell beast
 16509 | Gauntlet | Found a transporter.
 16529 | Gauntlet | Found a transporter.
 16529 | Gauntlet | Found a transporter.
 16548 | Gauntlet | Found a transporter.
 16558 | Gauntlet | Noticed a catoblepas
 16561 | Gauntlet | Found a transporter.
 16574 | Gauntlet | Found a transporter.
 16594 | Gauntlet | Found a transporter.
 16598 | Gauntlet | Found a transporter.
 16606 | Gauntlet | Found a transporter.
 16621 | Gauntlet | Found a large runed translucent door.
 16622 | Gauntlet | Found a large runed translucent door.
 16627 | Gauntlet | Found a runed translucent gate.
 16627 | Gauntlet | Found a runed translucent gate.
 16627 | Gauntlet | Found a runed translucent gate.
 16629 | Gauntlet | Found a transporter.
 16633 | Gauntlet | Found a transporter.
 16668 | Gauntlet | Found a large runed translucent door.
 16668 | Gauntlet | Found a large runed translucent door.
 16705 | Gauntlet | Killed a hell beast
 16831 | Gauntlet | Identified the amulet of Xiupt {Reflect rElec rN+ Int-4
                  | SH+5}
 16938 | Gauntlet | Noticed a minotaur
 16943 | Gauntlet | Killed a minotaur
 17007 | Gauntlet | Got Sif Muna's Secrets of Accomplices and Flame
 17241 | Lair:1   | Entered Level 1 of the Lair of Beasts
 17866 | Lair:1   | Learned a level 5 spell: Borgnjor's Vile Clutch
 18456 | Lair:1   | Identified the +7 spear of Tender Mercy {flame, rPois rF+
                  | Int+3}
 18479 | Lair:1   | Reached XP level 13. HP: 107/107 MP: 21/28
 18968 | Lair:2   | Found a frozen archway.
 18992 | IceCv    | Entered an ice cave
 20797 | Lair:2   | Found a staircase to the Swamp.
 22472 | Lair:3   | Found a hole to the Spider Nest.
 23326 | Lair:3   | Slain by a skyshark

Illustrated notes

Levels and vault maps discovered:
D:1:      heliophobic_arrival_henge, layout_basic,
          shapermc_ecumenical_altar_venn, minivault_14,
          chequers_serial_rivers_small_3, minmay_hexomino_c4
D:2:      layout_rooms, kennysheep_crisscross, minmay_misc_feat_columns
D:3:      layout_loops_ring, amcnicky_mini_rare_corridor_liquid,
          minmay_misc_feat_alley
D:4:      cheibrodos_barr_body, layout_loops_ring
D:5:      layout_loops_cross, serial_shops, nicolae_diamond_shop
D:6:      layout_loops_corners, serial_rivers, chequers_serial_rivers_large_b,
          chequers_serial_rivers_micro_e, chequers_serial_rivers_micro_b,
          chequers_serial_rivers_micro_d, chequers_serial_rivers_small_a,
          serial_shops, shop
D:7:      layout_basic, temple_doors_e, kennysheep_diamond
D:8:      cheibrodos_elevator_heist, layout_rooms, minmay_fountain_box
D:9:      layout_basic, lemuel_tele_altar, david_lair_generic,
          blue_anna_alchemist
D:10:     layout_long_grid, david_orc_4, enter_bailey_7, hangedman_decor_points,
          minmay_door_square
D:11:     layout_loops_ring, uniq_fannar, uniq_sonja
D:12:     layout_long_grid, gauntlet_entry_generic, serial_shops, shop,
          minmay_bent, uniq_urug
Lair:1:   wad_woods_structure_01, layout_loops_ring, beast_lair_carwin_4
Lair:2:   layout_cave_pods, skrybe_swamp_entry_bodies,
          portal_ice_cave_entry_ice_simulacra
Lair:3:   kb_forest_paths, layout_big_grid, nicolae_spider_entry_non_spiders,
          pdpol_lair_cavern_descent

Skill      XL: |  1  2  3  4  5  6  7  8  9 10 11 12 13 |
---------------+----------------------------------------+-----
Dodging        | 2 3 4 5 7 8 |  8.7
Spellcasting   | 2 3 4 5 6 7 8 |  8.3
Conjurations   | 4 5 6 8 9 10 11 12 | 12.6
Fighting       | 1 2 3 5 7 8 |  8.7
Earth Magic    | 2 8 9 10 11 12 | 12.6
Stealth        | |  1.7

Action                     |  1- 3 |  4- 6 |  7- 9 | 10-12 | 13-15 || total
---------------------------+-------+-------+-------+-------+-------++-------
  Melee: Unarmed           |    10 |       |       |       |       ||    10
         Dagger            |    17 |     7 |       |       |       ||    24
         Rapier            |       |     4 |     8 |     9 |       ||    21
         Staff             |       |       |       |    13 |     6 ||    19
  Throw: Dart              |       |       |       |     1 |       ||     1
   Cast: Magic Dart        |   108 |    40 |       |    29 |       ||   177
         Searing Ray       |       |    38 |    42 |     1 |       ||    81
         Stone Arrow       |       |       |    77 |   274 |   168 ||   519
         Borgnjor's Vile C |       |       |       |     2 |    68 ||    70
  Evoke: Wand              |       |       |       |     1 |       ||     1
    Use: Scroll            |     6 |     3 |    14 |    13 |     2 ||    38
         Potion            |       |       |       |     6 |     1 ||     7
 Armour: Robe              |     4 |     7 |       |       |       ||    11
         Leather armour    |       |    18 |    18 |    46 |    45 ||   127
  Dodge: Dodged            |    22 |    41 |    45 |   118 |    98 ||   324
         Repelled          |       |       |       |       |     1 ||     1
